 Dungeon Crawl Stone Soup version 0.27-a0-909-g0721f309d1 (webtiles) character file.

Game seed: 8965551777055236518

0 EnegeticOcto the Magician (level 1, -1/15 HPs)
             Began as a Djinni Earth Elementalist on Apr 8, 2021.
             Slain by Terence
             ... wielding a +0 hand axe
              (9 damage)
             ... on level 2 of the Dungeon.
             The game lasted 00:00:55 (67 turns).

EnegeticOcto the Magician (Djinni Earth Elementalist) Turns: 67, Time: 00:00:56

Health: -1/15      AC:  3    Str:  7    XL:     1   Next: 10%
Gold:   26         EV: 12    Int: 16    God:
                   SH:  0    Dex: 13

rFire    + + .     SeeInvis .   (no weapon)
rCold    x . .     Faith    .   (no shield)
rNeg     . . .     Spirit   .   c - +0 robe
rPois    ∞         Reflect  .   (no helmet)
rElec    .         Harm     .   (no cloak)
rCorr    .         Rampage  .   d - +0 pair of gloves
Will     .....                  (boots unavailable)
Stlth    ++........             (no amulet)
HPRegen  0.05/turn              (no ring)
MPRegen  0.00/turn              (no ring)

@: flying
A: fire resistance 2, cold vulnerability 1, float, innate caster, hp casting,
extra vitality 1
a: no special abilities


You were on level 2 of the Dungeon.
You visited 1 branch of the dungeon, and saw 2 of its levels.

You collected 26 gold pieces.

Inventory:

Missiles
 b - 26 stones
Armour
 c - a +0 robe (worn)
 d - a +0 pair of gloves (worn)
   (You found it on level 2 of the Dungeon)
Jewellery
 a - a ring of ice
   (You found it on level 1 of the Dungeon)


   Skills:
 - Level 2.1 Dodging
 - Level 1.5 Stealth
 + Level 2.7 Spellcasting


You couldn't memorise any spells.
You knew the following spells:

 Your Spells              Type           Power      Damage    Failure   Level
a - Sandblast             Erth           20%        2d7       6%          1
b - Stone Arrow           Conj/Erth      20%        3d8       19%         3
c - Petrify               Tmut/Erth      10%        N/A       54%         4
d - Lee's Rapid Deconstr  Erth           5%         3d7*      87%         5
p - Passwall              Tmut/Erth      8%         N/A       10%         2
Your spell library was empty.

Dungeon Overview and Level Annotations

Branches:
Dungeon (2/15)

Altars:

Annotations:
D:2 Terence


Innate Abilities, Weirdness & Mutations

You are immune to poison.
Your flesh is very heat resistant. (rF++)
You are vulnerable to cold. (rC-)
You float through the air rather than walking.
You learn spells naturally, not from books.
Your magical power is your life essence.
You have superior vitality. (+4 HP)


Message History

Welcome, EnegeticOcto the Djinni Earth Elementalist.
It is said that the Orb of Zot exists deep within this dungeon.
Press ? for a list of commands and other information.
Found 14 poisoned darts.
Found an escape hatch in the floor.
Found a staircase leading out of the dungeon.
You begin with the following spells memorised: Sandblast, Passwall, Stone Arrow, Petrify, Lee's Rapid Deconstruction.
Found a ruby ring.
You see here 14 poisoned darts.
Autopickup is now off.
Found 10 gold pieces.
There is an escape hatch in the floor here.
You see here a ring of ice.
Autopickup is now on.
a - a ring of ice A rat comes into view.
Cast which spell? (? or * to list)
Aiming: Sandblast (safe; 6% risk of failure)
Press: ? - help, Shift-Dir - straight line, f - rat
Aim: a rat (21% to evade)
The blast of sand hits the rat!
You kill the rat!
You now have 10 gold pieces.
There is an escape hatch in the floor here.
Really go through this one-way escape hatch?
You fly downwards.
The hatch slams shut behind you.
Found a pair of gloves.
You see here a +0 pair of gloves.
You start putting on your armour.
You continue putting on your +0 pair of gloves. x4
You finish putting on your +0 pair of gloves.
Found 16 gold pieces.
You now have 26 gold pieces (gained 16).
Terence the Incautious comes into view.
He is wielding a +0 hand axe.
Found a scroll labelled VOAPHE FOIZ.
Press: ? - help, v - describe, . - travel
Here: Terence, wielding a +0 hand axe and wearing a +0 chain mail (asleep)
The floor.
Terence shouts!
You see here a scroll labelled VOAPHE FOIZ.
As you read the scroll labelled VOAPHE FOIZ, it crumbles to dust.
You feel aware of your surroundings.
It was a scroll of magic mapping.
Terence hits you but does no damage.
Casting: Sandblast (safe; 6% risk of failure)
Confirm with . or Enter, or press ? or * to list all spells.
Aiming: Sandblast (safe; 6% risk of failure)
Press: ? - help, Shift-Dir - straight line, f - Terence
Aim: Terence, wielding a +0 hand axe and wearing a +0 chain mail (15% to evade)
The blast of sand hits Terence but does no damage.
Terence shouts, "Get ready for death!"
Terence barely misses you.
Casting: Sandblast (safe; 6% risk of failure)
Confirm with . or Enter, or press ? or * to list all spells.
Aiming: Sandblast (safe; 6% risk of failure)
Press: ? - help, Shift-Dir - straight line, f/p - Terence
Aim: Terence, wielding a +0 hand axe and wearing a +0 chain mail (15% to evade)
The blast of sand hits Terence but does no damage.
Terence hits you with a +0 hand axe.
Casting: Sandblast (safe; 6% risk of failure)
Confirm with . or Enter, or press ? or * to list all spells.
Aiming: Sandblast (safe; 6% risk of failure)
Press: ? - help, Shift-Dir - straight line, f/p - Terence
Aim: Terence, wielding a +0 hand axe and wearing a +0 chain mail (15% to evade)
The blast of sand hits Terence but does no damage.
Terence hits you with a +0 hand axe. Terence hits you with a +0 hand axe!
Ouch! That really hurt!
You die...

#...#*,,,,,,,,,,**
#...#*,,,,,,,,,,*
#...#*,...,,,,,,*
#####...##....,,,,,,*
#####............#*,,,***
#................#*,,,****
#................#*,,,*,,,
#.......##########*,,,*,**
#.......@@.......,,,,,,,,,
#.......#########******,**
#.......# *,,,,,,,,,,,,,
#.......# *,*********,*,
#.......# *,*,,,,,,,*<*,
#.......# *,*,*****,*,*,
#.......# *,*,*,,,*,*,*,
#.......# *,*,*,,**,*,*,
#.......# *,*,*,,,*,*,*,


You could see Terence.

Vanquished Creatures
  A rat (D:1)
1 creature vanquished.

Notes
Turn   | Place    | Note
-------+----------+-------------------------------------------
     0 | D:1      | EnegeticOcto the Djinni Earth Elementalist began the quest
                  | for the Orb.
     0 | D:1      | Reached XP level 1. HP: 15/15 MP: 0/0
    53 | D:2      | Noticed Terence
    67 | D:2      | Slain by Terence

Illustrated notes

Levels and vault maps discovered:
D:1:      lemuel_arrival_lava_pool, layout_loops_cross, basic_ecumenical_altar,
          minmay_misc_feat_diagonals
D:2:      layout_basic, uniq_terence

Action                   || total
-------------------------++-------
 Cast: Sandblast         ||     4
  Use: Scroll            ||     1
Armor: Robe              ||     1
Dodge: Dodged            ||     1

Table legend: (Time is in decaauts)
 A = Elapsed time spent in this place.
 B = Non-inter-level travel time spent in this place.
 C = Inter-level travel time spent in this place.
 D = Time resting spent in this place.
 E = Time spent auto-exploring this place.
 F = Levels seen in this place.
 G = Mean time per level.
                   A        B        C        D        E       F      G
               +--------+--------+--------+--------+--------+-----+--------+
         Total |     66 |     66 |      0 |      0 |      0 |   2 |   33.0 |
       Dungeon |     66 |     66 |      0 |      0 |      0 |   2 |   33.0 |
               +--------+--------+--------+--------+--------+-----+--------+

Top non-repeatable levels by time:
     D:2: 41 daAuts
     D:1: 25 daAuts
